 Dungeon Crawl Stone Soup version 0.28-b1-25-g9875b3fc8c (webtiles) character file.

Game seed: 4734438185528937126

21 sanka the Magician (level 2, 0/16 HPs)
             Began as a Deep Elf Transmuter on Feb 8, 2022.
             Succumbed to an adder's poison
             ... on level 2 of the Dungeon.
             The game lasted 00:02:28 (2095 turns).

sanka the Magician (Deep Elf Transmuter)            Turns: 2095, Time: 00:02:28

Health: 0/16       AC:  3    Str:  7    XL:     2   Next: 65%
Magic:  1/9        EV: 12    Int: 17    God:
Gold:   40         SH:  0    Dex: 15    Spells: 6/9 levels left

rFire   . . .      SeeInvis .     - Unarmed
rCold   . . .      Faith    .   (no shield)
rNeg    . . .      Spirit   .   a - +0 robe
rPois   .          Reflect  .   f - +0 helmet
rElec   .          Harm     .   (no cloak)
rCorr   .          Rampage  .   (no gloves)
Will    .....                   (no boots)
Stlth   +.........              (no amulet)
HPRegen 0.05/turn               (no ring)
MPRegen 0.11/turn               (no ring)

@: lethally poisoned (0 -> -1), attractive
A: no striking features
a: no special abilities


You were on level 2 of the Dungeon.
You visited 1 branch of the dungeon, and saw 2 of its levels.

You collected 40 gold pieces.

Inventory:

Armour
 a - a +0 robe (worn)
 f - a +0 helmet (worn)
Scrolls
 b - a scroll of immolation {unknown}
 c - a scroll of identify {unknown}
 g - a scroll of enchant armour {unknown}
 h - a scroll of silence {unknown}


   Skills:
 - Level 0.7 Fighting
 - Level 2.4 Dodging
 - Level 2.4 Unarmed Combat
 - Level 4.0 Spellcasting
 + Level 1.0 Conjurations
 - Level 2.1 Transmutations
 + Level 0.9 Air Magic


You had 6 spell levels left.
You knew the following spells:

 Your Spells              Type           Power      Damage    Failure   Level
a - Beastly Appendage     Tmut           20%        N/A       6%          1
b - Static Discharge      Conj/Air       6%         N/A       16%         2

Your spell library contained the following spells:

 Spells                   Type           Power      Damage    Failure   Level
 Wereblood                Tmut           10%        N/A       10%         2
 Spider Form              Tmut/Pois      7%         N/A       30%         3
 Ice Form                 Ice/Tmut       7%         N/A       69%         4
 Lightning Bolt           Conj/Air       3%         1d14      96%         5
 Maxwell's Capacitive Co  Air            3%         ∞         100%        8


Dungeon Overview and Level Annotations

Branches:
Dungeon (2/15)

Altars:
Gozag


Message History

Unknown command.
You feel sick. The adder bites you.
Your magical contamination has completely faded away.
* * * LOW HITPOINT WARNING * * *
You feel sick.
Casting: Static Discharge (safe; 16% risk of failure)
Confirm with . or Enter, or press ? or * to list all spells.
You miscast Static Discharge.
You are very lightly contaminated with residual magic.
Nothing appears to happen.
* * * LOW HITPOINT WARNING * * *
You feel sick. The adder completely misses you.
Unknown command.
You feel much better.
You feel sick. The adder bites you.
You are more poisoned.
The adder poisons you!
Unknown command.
You feel sick. The adder bites you.
You are lethally poisoned!
The adder poisons you!
You feel sick.
You feel sick.
You feel sick.
* * * LOW HITPOINT WARNING * * *
You feel sick. The adder bites you.
* * * LOW HITPOINT WARNING * * *
It was a potion of attraction.
You feel attractive to monsters.
* * * LOW HITPOINT WARNING * * *
You feel sick. The adder misses you.
Your magical contamination has completely faded away.
You miss the adder.
The adder is severely wounded.
* * * LOW HITPOINT WARNING * * *
You feel sick. The adder barely misses you.
Unknown command.
Unknown command.
You hit the adder. You punch the adder.
You kill the adder!
You die...

##.##..#.#...##.#.#
#...!<.#.#.#....#.# .
#......#..###.#
#....#........#######
#.)###.#.#.##.......#
..... ...#.#....#####.#
##.####.###.#.##.#####.#
... #. #.#........#.#
#.# . #@###......#.# #.
.. #.# #..._..#.# ##
#.###........#
#.####...........##
.........#####....#
.#######.#<# ######
#...# #.### ###


There were no monsters in sight!

Vanquished Creatures
  An adder (D:2)
  2 dart slugs (D:1)
  3 endoplasms (D:1)
  2 hobgoblins (D:1)
  A kobold (D:2)
  3 quokkas
  A frilled lizard (D:1)
  A goblin (D:1)
  3 rats (D:1)
17 creatures vanquished.

Notes
Turn   | Place    | Note
-------+----------+-------------------------------------------
     0 | D:1      | sanka the Deep Elf Transmuter began the quest for the Orb.
     0 | D:1      | Reached XP level 1. HP: 11/11 MP: 6/6
   641 | D:1      | Reached skill level 4 in Spellcasting
   641 | D:1      | Reached XP level 2. HP: 6/16 MP: 7/9
   842 | D:1      | Learned a level 2 spell: Static Discharge
  1981 | D:2      | Found an opulent altar of Gozag.
  2080 | D:2      | Reached skill level 1 in Conjurations
  2095 | D:2      | Succumbed to an adder's poison

Illustrated notes

Levels and vault maps discovered:
D:1:      grunt_arrival_crossed_arrows, layout_loops_ring, kennysheep_boxes
D:2:      layout_basic, basic_altar

Skill      XL: |  1  2 |
---------------+-------+-----
Spellcasting   | 4 |  4.0
Conjurations   | 1 |  1.0
Fighting       | |  0.7
Dodging        | |  2.4
Unarmed Combat | |  2.4
Transmutations | |  2.1
Air Magic      | |  0.9

Action                   || total
-------------------------++-------
Melee: Unarmed           ||    35
       Kick              ||    10
       Headbutt          ||     6
       Punch             ||     2
 Cast: Beastly Appendage ||    12
       Static Discharge  ||    11
  Use: Potion            ||     3
 Stab: Sleeping          ||     1
Armor: Robe              ||     5
Dodge: Dodged            ||    19
